 Dungeon Crawl Stone Soup version 0.18-b1-18-g7758cf2 (webtiles) character file.

158 HaroldButt the Insei (level 5, 0/38 HPs)
             Began as a Demonspawn Gladiator on May 2, 2016.
             Slain by Sigmund
             ... wielding a +3 scythe of venom
              (4 damage)
             ... on level 3 of the Dungeon.
             The game lasted 00:05:45 (1576 turns).

HaroldButt the Insei (Demonspawn Gladiator)         Turns: 1576, Time: 00:05:45

Health: 0/38       AC:  8    Str: 13 (15) XL:     5   Next: 16%
Magic:  0/5        EV:  5    Int:  5 (7)  God:
Gold:   124        SH:  2    Dex: 14 (15) Spells: 0 memorised, 4 levels left

rFire  . . .     SeeInvis .       - Unarmed
rCold  . . .     Gourm    .     m - +0 ring mail
rNeg   . . .     Faith    .     (no shield)
rPois  .         Spirit   +     (helmet restricted)
rElec  .         Dismiss  .     (no cloak)
rCorr  .         Reflect  +     (no gloves)
SustAt .         Harm     .     (no boots)
MR     .....                    p - +2 amulet of reflection
Stlth  ..........               (no ring)
                                (no ring)

@: lethally poisoned (0 -> -7), drained, not resistant to hostile enchantments,
extremely unstealthy
A: hooves 1, horns 1, molten scales 2, demonic guardian 1, dopey 1, magic shield
a: no special abilities


You were on level 3 of the Dungeon.
You were not hungry.

You visited 1 branch of the dungeon, and saw 3 of its levels.

You collected 124 gold pieces.

Inventory:

Missiles
 c - 3 throwing nets (quivered)
Armour
 b - a +1 helmet
 m - a +0 ring mail (worn)
Jewellery
 p - a +2 amulet of reflection (around neck)
Scrolls
 l - a scroll of remove curse
Potions
 e - a potion of might
 f - a potion of lignification
Comestibles
 a - a beef jerky
 d - 2 bread rations


   Skills:
 - Level 2.0(1.2) Fighting
 - Level 1.7(1.0) Throwing
 - Level 2.6(1.9) Dodging
 + Level 5.3(4.5) Unarmed Combat


You had 4 spell levels left.
You didn't know any spells.

Dungeon Overview and Level Annotations

Branches:
Dungeon (3/15)

Altars:
The Shining One

Annotations:
D:3 Sigmund


Innate Abilities, Weirdness & Mutations

You have a pair of small horns on your head.
You are mostly covered in molten scales (AC +3, EV -1).
A weak demonic guardian rushes to your aid.
When hurt, damage is shared between your health and your magic reserves.
You have large cloven feet.
You are dopey. (Int -2)


Message History

It was a potion of degeneration.
There was something very wrong with that liquid.
You feel weakened.
You feel dopey.
You feel clumsy.
You feel sick.
Your white imp disappears in a puff of smoke!
Drink which item? (? for menu, Esc to quit)
It was a potion of cancellation.
Your magical effects are unravelling.
You feel magically purged.
You feel sick.
Your iron imp disappears in a puff of smoke!
Something hits you but does no damage.
You feel less woody.
Your +1 helmet is pushed off your body!
Your +0 ring mail unmelds from your body.
* * * LOW HITPOINT WARNING * * *
You feel sick.
You hear some strange, mumbled words.
Something tries to affect you, but you resist.
Something hits you.
You die...

.... )..
..
##.######
#.......#
#..{....#
#....?..#
#...@5..#
#.†.§.†.#
#..#######
#. #


You could see a friendly iron imp.

Vanquished Creatures
  A hound (D:2)
  A gnoll (D:2)
  4 adders
  An ooze (D:1)
  2 dart slugs
  A giant gecko (D:1)
  2 ball pythons (D:1)
  A giant cockroach (D:2)
  11 goblins
  4 hobgoblins
  3 jackals (D:2)
  7 bats
  A giant newt (D:2)
  4 kobolds
  7 rats
50 creatures vanquished.

Vanquished Creatures (collateral kills)
  A hound (D:2)
  Natasha (D:3)
  A giant newt (D:3)
3 creatures vanquished.

Grand Total: 53 creatures vanquished

Notes
Turn   | Place    | Note
--------------------------------------------------------------
     0 | D:1      | HaroldButt the Demonspawn Gladiator began the quest for the Orb.
     0 | D:1      | Reached XP level 1. HP: 16/16 MP: 1/1
    50 | D:1      | Reached skill level 3 in Unarmed Combat
   179 | D:1      | Gained mutation: When hurt, damage is shared between your health and your magic reserves. [demonic ancestry]
   179 | D:1      | Reached XP level 2. HP: 20/22 MP: 2/2
   522 | D:1      | Gained mutation: You are partially covered in molten scales (AC +1). [demonic ancestry]
   522 | D:1      | Reached XP level 3. HP: 27/27 MP: 3/3
   659 | D:2      | Found a glowing golden altar of the Shining One.
   729 | D:2      | Reached skill level 4 in Unarmed Combat
   901 | D:2      | Gained mutation: A weak demonic guardian rushes to your aid. [demonic ancestry]
   901 | D:2      | Reached XP level 4. HP: 21/33 MP: 4/4
  1038 | D:2      | Reached skill level 5 in Unarmed Combat
  1548 | D:3      | Noticed Sigmund
  1548 | D:3      | Noticed Natasha
  1565 | D:3      | Gained mutation: You have a pair of small horns on your head. [demonic ancestry]
  1565 | D:3      | Reached XP level 5. HP: 25/38 MP: 2/5
  1566 | D:3      | Killed Natasha
  1572 | D:3      | Gained mutation: You are mostly covered in molten scales (AC +3, EV -1). [potion of mutation]
  1572 | D:3      | Gained mutation: You are dopey. (Int -2) [potion of mutation]
  1572 | D:3      | Gained mutation: You have large cloven feet. [potion of mutation]
  1576 | D:3      | Slain by Sigmund

Skill      XL: |  1  2  3  4 |
---------------+-------------+-----
Unarmed Combat | 3 4 5 |  5.3
Fighting       | |  2.0
Throwing       | |  1.7
Dodging        | |  2.6

Action                   |  1- 3 |  4- 6 || total
-------------------------+-------+-------++-------
Melee: Unarmed           |   154 |    75 ||   229
       Punch             |     4 |     1 ||     5
  Use: Scroll            |       |     8 ||     8
       Potion            |       |     4 ||     4
  Eat: Chunk             |       |     2 ||     2
Armor: Leather armour    |    31 |       ||    31
       Ring mail         |    34 |    30 ||    64
       Skin              |       |     7 ||     7
Dodge: Dodged            |    99 |    39 ||   138
Block: Other             |       |     3 ||     3
